AoeStats
← sub2myof@vivifanoftv

Arena

509945966Analyzed
3v3 RM · 3d ago on Sep 28, 2026· 52m 48s· 6 players
Game mode
Random Map
Map size
Normal (6 player)
Population
200
Speed
Normal
Resources
Standard
Victory
Conquest
Starting age
Dark Age
Ending age
Imperial Age
RankedLock teamsTeams togetherTeam positionsShared explorationLock speedFull tech treeHidden civsTurbo modeCheats
Victory
Defeat
🇺🇸 Bohemians · United States
1214
+7
🇳🇱 Danes · Netherlands
1096
+10
🇵🇰 Britons · Pakistan
897
+17
🇧🇷 Tupi · Brazil
992
-12
🇧🇷 Khmer · Brazil
970
-12
🇬🇧 Turks · United Kingdom
931
-26
Vemnimim
1:01 Loom
11:17 Feudal Age
16:51 Castle Age
15:18 Horse Collar
16:16 Double-Bit Axe
17:53 Town Watch
23:54 Wheelbarrow
28:55 Imperial Age
26:03 Pikeman
26:29 Arson
26:05 Champi Runner
28:17 Scale Mail Armor
28:29 Forging
28:10 Fletching
27:43 Champi Warrior
28:24 Squires
30:00 Conscription
30:02 Gold Mining
30:28 Stone Mining
30:42 Elite Champi Warrior
32:30 Iron Casting
32:39 Bow Saw
33:41 Chain Mail Armor
36:55 Caciques
37:35 Plate Mail Armor
MESSIKNIGHT
0:27 Loom
12:10 Feudal Age
17:09 Castle Age
15:06 Double-Bit Axe
15:40 Horse Collar
18:10 Bow Saw
18:57 Fervor
22:59 Gold Mining
24:09 Wheelbarrow
24:56 Scale Barding Armor
25:04 Fletching
26:02 Crossbowman
26:53 Heavy Plow
27:53 Stone Mining
28:45 Hand Cart
29:11 Forging
Erdogan
12:20 Feudal Age
13:35 Horse Collar
17:14 Castle Age
18:09 Double-Bit Axe
23:07 Padded Archer Armor
23:46 Loom
24:56 Padded Archer Armor
24:47 Fletching
28:44 Heavy Plow
31:52 Imperial Age
29:44 Loom
30:28 Padded Archer Armor
31:24 Wheelbarrow
31:56 Leather Archer Armor
33:27 Fletching
33:54 Gold Mining
35:29 Ring Archer Armor
35:53 Hand Cart
36:06 Bodkin Arrow
39:04 Sipahi
40:42 Bracer
41:29 Parthian Tactics
47:19 Scale Barding Armor
sub2myof@vivifanoftv
10:35 Feudal Age
15:46 Castle Age
14:12 Double-Bit Axe
14:29 Horse Collar
20:53 Bow Saw
23:08 Wheelbarrow
23:33 Heavy Plow
28:45 Imperial Age
26:15 Loom
27:20 Sanctity
27:51 Caravan
28:28 Hand Cart
28:54 Fletching
29:05 Padded Archer Armor
30:16 Chemistry
31:06 Two-Man Saw
30:46 Forging
30:14 Elite Skirmisher
31:13 Bodkin Arrow
31:34 Leather Archer Armor
33:58 Fervor
34:13 Bracer
35:17 Ballistics
34:53 Murder Holes
36:44 Ring Archer Armor
36:30 Masonry
38:19 Siege Engineers
39:05 Conscription
39:56 Architecture
39:49 Elite Hussite Wagon
41:23 Houfnice
43:28 Iron Casting
42:53 Scale Mail Armor
43:28 Wagenburg Tactics
46:50 Chain Mail Armor
47:36 Blast Furnace
46:49 Town Watch
Medina90
12:14 Feudal Age
12:47 Double-Bit Axe
15:41 Castle Age
16:42 Wheelbarrow
17:19 Bow Saw
22:57 Scale Mail Armor
23:58 Chain Mail Armor
26:09 Horse Collar
27:59 Forging
28:55 Heavy Plow
30:26 Hand Cart
35:22 Imperial Age
34:19 Iron Casting
34:32 Squires
34:18 Arson
34:51 Loom
36:10 Scale Barding Armor
37:06 Blast Furnace
35:29 Capped Ram
36:50 Siege Ram
38:33 Chain Barding Armor
38:45 Plate Mail Armor
38:33 Onager
42:02 Conscription
46:13 Elite Jomsviking
46:40 Elite Varangian Guard
47:11 Fletching
47:22 Padded Archer Armor
46:45 Elite Skirmisher
48:00 Spies/Treason
51:15 Caravan
Wild Nût Buster
10:17 Feudal Age
11:59 Double-Bit Axe
16:52 Castle Age
17:59 Gold Mining
19:39 Bow Saw
19:14 Horse Collar
20:13 Gold Shaft Mining
19:59 Loom
26:46 Imperial Age
25:50 Ballistics
25:23 Fletching
26:22 Bodkin Arrow
26:31 Stone Mining
27:10 Padded Archer Armor
28:29 Chemistry
27:33 Bracer
30:09 Leather Archer Armor
29:40 Treadmill Crane
31:11 Two-Man Saw
31:41 Yeomen
31:43 Conscription
31:58 Crossbowman
33:55 Wheelbarrow
33:05 Town Watch
33:07 Arbalester
43:06 Squires
43:54 Ring Archer Armor
Connection lost

Rejoining the realm…

Still unreachable

The connection could not be restored.

Session expired

The server has moved on; the page needs a fresh start.